 Dungeon Crawl Stone Soup version 0.30-a0-210-g01b79a254e (webtiles) character file.

Game seed: 17931315907983948422

1334 Sobieck the Sneak (level 8, -9/72 HPs)
             Began as an Armataur Gladiator on Oct 4, 2022.
             Was a Follower of Uskayaw.
             Mangled by Prince Ribbit (11 damage)
             ... on level 6 of the Dungeon.
             The game lasted 00:11:54 (6429 turns).

Sobieck the Sneak (Armataur Gladiator)              Turns: 6429, Time: 00:11:55

Health: -9/72      AC: 13    Str: 21    XL:     8   Next: 35%
Magic:  4/8        EV:  8    Int:  8    God:    Uskayaw [*.....]
Gold:   287        SH:  0    Dex: 13    Spells: 7/7 levels left

rFire   + . .      SeeInvis .    a - +0 rapier {short}
rCold   . . .      Faith    .    (no shield)
rNeg    + . .      Spirit   .    T - +1 scale mail {rF+}
rPois   .          Reflect  .    c - +1 helmet
rElec   .          Harm     .    y - +2 cloak {Will+}
rCorr   .          Roll     +    (no gloves)
Will    +....                    (no barding)
Stlth   ++........               (no amulet)
HPRegen 0.32/turn                s - ring of positive energy
MPRegen 0.11/turn                (no ring)

@: no status effects
A: large, rugged brown scales 3, deformed body, armoured tail, roll, long
tongue, awkward tongue
a: Renounce Religion, Stomp


You were on level 6 of the Dungeon.
You worshipped Uskayaw.
Uskayaw was noncommittal.
You visited 1 branch of the dungeon, and saw 6 of its levels.

You collected 287 gold pieces.


Innate Abilities, Weirdness & Mutations

You are completely covered in rugged brown scales. (AC +3, +7% HP)
Armour fits poorly on your strangely shaped body.
You have a long armoured tail.
You roll when moving toward enemies. (Rampage)
Your long tongue fully drains potion bottles. (2x potion effects)
Your tongue gives you trouble enunciating. (1.5x scroll delay)


   Skills:
 + Level 5.2 Fighting
 + Level 5.6 Short Blades
 - Level 1.7 Throwing
 - Level 4.2 Armour
 - Level 2.1 Dodging
 + Level 6.4 Stealth


You had 7 spell levels left.
You didn't know any spells.
Your spell library contained the following spells:

 Spells                   Type           Power      Damage    Failure   Level
 Ensorcelled Hibernation  Hex/Ice        0%         N/A       86%         2
 Passwall                 Tmut/Erth      0%         N/A       86%         2
 Swiftness                Air            0%         N/A       98%         3
 Manifold Assault         Tloc           0%         N/A       100%        4
 Dispersal                Tloc           0%         N/A       100%        6
 Disjunction              Tloc           0%         N/A       100%        8

Inventory:

Hand Weapons
 a - a +0 rapier (weapon) {short}
 b - a +2 scimitar {long}
   (You took it off a wight on level 5 of the Dungeon)
 z - a +1 vorpal morningstar {mace}
   (You took it off an orc on level 4 of the Dungeon)
 J - a +1 hand axe of electrocution {axe}
   (You took it off an orc on level 4 of the Dungeon)
 L - a +0 rapier {short}
   (You found it on level 4 of the Dungeon)
 R - a +3 hand axe {axe}
   (You found it on level 5 of the Dungeon)
Missiles
 d - 3 throwing nets (quivered) {=f!fthrowing}
 e - a javelin {throwing}
 g - 40 stones {throwing}
 k - 10 boomerangs {throwing}
 o - 6 poisoned darts {throwing}
 K - 3 boomerangs of dispersal {=f!fthrowing}
Armour
 c - a +1 helmet (worn)
 l - a +0 ring mail
   (You took it off an orc on level 4 of the Dungeon)
 p - a +0 chain mail
   (You took it off a hobgoblin on level 2 of the Dungeon)
 u - a +0 scale mail
   (You found it on level 2 of the Dungeon)
 v - a +0 chain mail
   (You found it on level 2 of the Dungeon)
 w - a +0 plate armour
   (You took it off an orc warrior on level 5 of the Dungeon)
 x - a +0 leather armour
   (You took it off an orc on level 3 of the Dungeon)
 y - a +2 cloak of willpower (worn)
   (You found it on level 3 of the Dungeon)
 A - a +0 leather armour
   (You found it on level 3 of the Dungeon)
 D - a +0 ring mail
   (You took it off an orc on level 4 of the Dungeon)
 E - a +0 robe
   (You took it off an orc wizard on level 4 of the Dungeon)
 F - a +0 leather armour
   (You took it off an orc on level 4 of the Dungeon)
 N - a +0 ring mail
   (You found it on level 4 of the Dungeon)
 O - a +0 chain mail
   (You took it off an orc priest on level 4 of the Dungeon)
 P - a +0 ring mail
   (You took it off an orc on level 4 of the Dungeon)
 S - a +0 ring mail
   (You found it on level 5 of the Dungeon)
 T - a +1 scale mail of fire resistance (worn)
   (You took it off an orc on level 5 of the Dungeon)
 U - a +0 leather armour
   (You took it off an orc on level 5 of the Dungeon)
 V - a +0 leather armour
   (You took it off an orc on level 5 of the Dungeon)
 W - a +0 robe
   (You took it off an orc wizard on level 5 of the Dungeon)
 X - a +0 robe
   (You took it off an orc wizard on level 5 of the Dungeon)
 Y - a +0 leather armour
   (You took it off an orc on level 5 of the Dungeon)
 Z - a +0 robe
   (You found it on level 5 of the Dungeon)
Magical Staves
 t - a staff of air {!astaff}
   (You found it on level 2 of the Dungeon)
 I - a staff of conjuration {!a@e2staff}
   (You took it off a kobold on level 4 of the Dungeon)
Jewellery
 s - a ring of positive energy (left hand)
   (You found it on level 2 of the Dungeon)
Wands
 j - a wand of digging (4)
   (You found it on level 3 of the Dungeon)
Scrolls
 i - a scroll of silence {!r}
 m - a scroll of poison {!r}
 n - 2 scrolls of magic mapping {!r}
 r - 4 scrolls of fog
 G - a scroll of teleportation {@r4}
Potions
 f - a potion of resistance {unknown}
 h - 2 potions of brilliance
 q - a potion of magic
 B - 4 potions of attraction {!q}
 C - a potion of invisibility
 H - a potion of haste {@q3}
 Q - a potion of degeneration {!q@e2}

Dungeon Overview and Level Annotations

Branches:
Dungeon (6/15) Zot: 26730
 Temple: D:4-7

Altars:
Ashenzari
Cheibriados
Hepliaklqana
Nemelex Xobeh
Uskayaw
Zin

Annotations:
D:3 1 runed translucent door, Crazy Yiuf
D:6 Prince Ribbit

#....# ##..#..<# #
#####....###......##
#.#...#$...##..###.## #
......##....#..###.####.
#..............#.#......
..<##..##..............
# #...##.......##.....
....#))F#......#..#)....
.......@##..........)...
........##....###.))##..
#.......###...##
###..... ........#
#..##.........#
#.......# #.. .##...##..
#........ .......#..
....... ........##
....... ....#... .... #


You could see Prince Ribbit (confused).


Message History

Prince Ribbit comes into view.
Prince Ribbit lets out a mournful croak.
You roll towards Prince Ribbit!
The orc hits you but does no damage.
Prince Ribbit hits you but does no damage.
You hit the orc but do no damage. The orc hits you with a +0 whip.
Prince Ribbit hits you!
Unknown command.
You hit the orc.
Prince Ribbit blinks!
The orc hits you but does no damage.
Unknown command.
You barely miss the orc. The orc hits you but does no damage.
The orc closely misses you.
Unknown command.
You hit the orc but do no damage. The orc hits you but does no damage. x2
Unknown command.
You completely miss the orc.
Prince Ribbit blinks!
The orc hits you but does no damage. x2
Unknown command.
You hit the orc.
You kill the orc!
Prince Ribbit blinks!
The orc hits you but does no damage.
Unknown command.
You hit the orc. The orc hits you but does no damage.
Unknown command.
You hit the orc but do no damage. The orc hits you with a +0 flail.
An orc comes into view. It is wielding a +0 dagger.
Unknown command.
You barely miss the orc. Prince Ribbit barely misses you.
The orc closely misses you.
Unknown command.
The orc shouts!
You hit the orc. Prince Ribbit hits you.
Prince Ribbit blinks!
Unknown command.
You hit the orc but do no damage. The orc hits you but does no damage.
Unknown command.
You closely miss the orc. The orc barely misses you.
Unknown command.
You closely miss the orc.
Prince Ribbit blinks!
The orc hits you with a +0 flail! The orc closely misses you.
Unknown command.
You hit the orc. The orc hits you with a +0 flail. The orc closely misses you.
Unknown command.
You hit the orc.
Your tail-slap misses the orc.
The orc barely misses you. The orc hits you but does no damage.
Unknown command.
You hit the orc but do no damage. The orc hits you but does no damage.
The orc barely misses you.
Unknown command.
You closely miss the orc.
Prince Ribbit lets out a mournful croak.
The orc hits you but does no damage. The orc barely misses you.
Prince Ribbit completely misses you.
Unknown command.
You hit the orc but do no damage. Prince Ribbit barely misses you.
The orc hits you but does no damage. x2
Unknown command.
You hit Prince Ribbit but do no damage. Prince Ribbit hits you.
The orc barely misses you. The orc hits you but does no damage.
Unknown command.
You hit Prince Ribbit.
Prince Ribbit sighs, "It's not easy being green!"
Prince Ribbit hits you! The orc hits you with a +0 flail!
* * * LOW HITPOINT WARNING * * *
The orc closely misses you. Prince Ribbit hits you!
* * * LOW HITPOINT WARNING * * *
Unknown command.
You closely miss the orc.
Prince Ribbit hits you but does no damage.
The orc hits you but does no damage. The orc barely misses you.
Unknown command.
You hit the orc.
You kill the orc!
Prince Ribbit hits you but does no damage.
Unknown command.
You barely miss the orc.
Prince Ribbit hops awkwardly around.
Prince Ribbit hits you but does no damage.
The orc barely misses you.
Prince Ribbit hits you but does no damage.
Unknown command.
You barely miss the orc.
Your tail-slap misses the orc.
You punch the orc, but do no damage. The orc hits you but does no damage.
Prince Ribbit hits you.
* * * LOW HITPOINT WARNING * * *
Unknown command.
You puncture the orc!
You kill the orc!
Prince Ribbit hits you!
* * * LOW HITPOINT WARNING * * *
You can now pass through a line of other dancers.
Unknown command.
Aiming: Line Pass
Press: ? - help, Dir - move target, f - you
Okay, then.
Aiming: Line Pass
Press: ? - help, Dir - move target Prince Ribbit appears confused.
You can no longer pass through a line of other dancers.
Prince Ribbit hits you!
You die...

Skill      XL: |  1  2  3  4  5  6  7  8 |
---------------+-------------------------+-----
Fighting       | 2 3 4 5 |  5.2
Stealth        | 1 2 3 4 5 6 |  6.4
Armour         | 1 2 3 4 |  4.2
Short Blades   | 3 4 5 |  5.6
Throwing       | |  1.7
Dodging        | |  2.1

Action                   |  1- 3 |  4- 6 |  7- 9 || total
-------------------------+-------+-------+-------++-------
Melee: Rapier            |   133 |   206 |   246 ||   585
       Tailslap          |    14 |    21 |    41 ||    76
       Punch             |     1 |     3 |     6 ||    10
Invok: Line Pass         |       |     5 |     6 ||    11
  Use: Scroll            |       |    12 |     5 ||    17
       Potion            |       |       |     2 ||     2
 Stab: Sleeping          |     2 |     5 |     2 ||     9
       Paralysed         |       |     3 |    10 ||    13
       Confused          |       |     1 |     1 ||     2
       Invisible         |       |       |     3 ||     3
Armor: Leather armour    |    43 |    87 |    33 ||   163
       Scale mail        |       |       |    77 ||    77
Dodge: Dodged            |    69 |    90 |   101 ||   260

Levels and vault maps discovered:
D:1:      nicolae_arrival_memento_mori, layout_rooms, minmay_cupped
D:2:      layout_basic, shapermc_ecumenical_altar_pompeii,
          kennysheep_generic_room_13
D:3:      layout_loops_ring, mainiacjoe_overflow_alcove_2,
          mainiacjoe_overflow_catch_the_wave, uniq_crazy_yiuf_cottage
D:4:      layout_loops_ring, mainiacjoe_overflow_large_starburst,
          grunt_ministairs_3, minmay_statues_item, minmay_starry_boxes
D:5:      layout_loops_corners, mainiacjoe_overflow_six_doors_small
D:6:      minmay_chambers_of_threes, layout_cave_pools, gup_sewer_entry_pipe,
          serial_shops, nicolae_shop_waterfront, amcnicky_mini_pool_small,
          uniq_prince_ribbit1

Notes
Turn   | Place    | Note
-------+----------+-------------------------------------------
     0 | D:1      | Sobieck the Armataur Gladiator began the quest for the Orb.
     0 | D:1      | Reached XP level 1. HP: 18/18 MP: 1/1
    55 | D:1      | Reached skill level 2 in Fighting
    57 | D:1      | Reached XP level 2. HP: 24/25 MP: 2/2
    90 | D:1      | Reached skill level 1 in Stealth
   100 | D:1      | Reached skill level 1 in Armour
   100 | D:1      | HP: 4/25 [frozen (3)]
   105 | D:1      | HP: 2/25 [hobgoblin (1)]
   287 | D:1      | Reached skill level 3 in Short Blades
   361 | D:1      | You pick up a book of Burglary and begin reading...
   361 | D:1      | You add the spells Passwall, Ensorcelled Hibernation and
                  | Swiftness to your library.
   409 | D:1      | Reached XP level 3. HP: 31/31 MP: 3/3
   616 | D:2      | You fall into a shaft and drop 1 floor!
   946 | D:2      | Reached skill level 2 in Armour
  1001 | D:2      | You pick up a book of the Warp and begin reading...
  1001 | D:2      | You add the spells Manifold Assault, Dispersal and
                  | Disjunction to your library.
  1040 | D:2      | Reached skill level 2 in Stealth
  1040 | D:2      | Reached XP level 4. HP: 12/39 MP: 4/4
  1374 | D:2      | Found a faded altar of an unknown god.
  2184 | D:3      | Found a glowing silver altar of Zin.
  2289 | D:3      | Found a hide-covered altar of Uskayaw.
  2296 | D:3      | Became a worshipper of Uskayaw the Reveller
  2802 | D:3      | Found a broken altar of Ashenzari.
  2902 | D:3      | Found a runed translucent door.
  2903 | D:3      | Noticed Crazy Yiuf
  3134 | D:4      | Reached * piety under Uskayaw
  3139 | D:4      | Reached ** piety under Uskayaw
  3150 | D:4      | Reached *** piety under Uskayaw
  3265 | D:4      | Reached XP level 5. HP: 39/47 MP: 5/5
  3429 | D:4      | Found a sparkling altar of Nemelex Xobeh.
  3443 | D:4      | Reached skill level 3 in Fighting
  3443 | D:4      | Reached skill level 3 in Armour
  3443 | D:4      | Reached skill level 3 in Stealth
  3492 | D:4      | Found a snail-covered altar of Cheibriados.
  3634 | D:4      | Reached XP level 6. HP: 54/54 MP: 1/6
  3816 | D:4      | Reached skill level 4 in Short Blades
  3832 | D:4      | Reached **** piety under Uskayaw
  3836 | D:4      | Reached skill level 4 in Armour
  3965 | D:4      | Reached skill level 4 in Stealth
  3976 | D:4      | Reached XP level 7. HP: 39/62 MP: 3/7
  4492 | D:5      | Entered Level 5 of the Dungeon
  4561 | D:5      | Found a hazy altar of Hepliaklqana.
  4719 | D:5      | Reached skill level 4 in Fighting
  4746 | D:5      | HP: 10/63 [orc warrior/+0 mace (7)]
  4763 | D:5      | HP: 10/63 [orc warrior/+0 mace (11)]
  4977 | D:5      | Reached skill level 5 in Stealth
  5199 | D:5      | Reached skill level 5 in Short Blades
  5528 | D:5      | HP: 14/62 [wight/+3 morningstar (11)]
  5530 | D:5      | Reached XP level 8. HP: 14/69 MP: 8/8
  5829 | D:5      | Reached skill level 5 in Fighting
  5829 | D:5      | Reached skill level 6 in Stealth
  6401 | D:6      | Noticed Prince Ribbit
  6427 | D:6      | HP: 15/72 [Prince Ribbit (5)]
  6428 | D:6      | HP: 1/72 [Prince Ribbit (14)]
  6429 | D:6      | Mangled by Prince Ribbit

Vanquished Creatures
  An orc warrior (D:5)
  An ogre (D:4)
  A centaur (D:5)
  A phantom (D:5)
  2 scorpions (D:4)
  5 wights (D:5)
  A jelly (D:4)
  An orc priest (D:4)
  3 hounds
  5 iguanas
  3 orc wizards
  8 gnolls
  7 adders
  A white imp (D:4)
  A worm (D:3)
  5 dart slugs
  26 orcs
  8 endoplasms
  2 giant cockroaches
  13 hobgoblins
  3 jackals (D:1)
  4 quokkas
  7 ball pythons
  A bat (D:2)
  A frilled lizard (D:1)
  12 goblins
  4 kobolds
  3 rats
130 creatures vanquished.

Table legend:
 A = Non-vault XP
 B = Vault XP
 C = Vault XP percentage of total XP
 D = Non-vault monster count
 E = Vault monster count
 F = Vault count percentage of total count
                 A         B        C        D         E       F
            +---------+---------+-------+---------+---------+-------
      Total |    1714 |     193 |  10.1 |     113 |      17 |  13.1
            +---------+---------+-------+---------+---------+-------
        D:1 |      43 |       6 |  12.2 |      24 |       3 |  11.1
        D:2 |      58 |       2 |   3.3 |      19 |       1 |   5.0
        D:3 |      34 |       0 |   0.0 |       9 |       0 |   0.0
        D:4 |     465 |     185 |  28.5 |      22 |      13 |  37.1
        D:5 |    1023 |       0 |   0.0 |      30 |       0 |   0.0
        D:6 |      91 |       0 |   0.0 |       9 |       0 |   0.0
            +---------+---------+-------+---------+---------+-------

Illustrated notes

Table legend:
 A = Kills in this place as a percentage of kills in entire the game.
 B = Kills by you in this place as a percentage of kills by you in the entire game.
 C = Kills by friends in this place as a percentage of kills by friends in the entire game.
 D = Other kills in this place as a percentage of other kills in the entire game.
 E = Experience gained in this place as a percentage of experience gained in the entire game.
 F = Experience gained in this place divided by the number of levels of this place that you have seen.
                   A       B       C       D       E      F
               +-------+-------+-------+-------+-------+----------------------
         Total | 100.0 | 100.0 |   N/A | 100.0 | 100.0 | 317.8
       Dungeon | 100.0 | 100.0 |   N/A | 100.0 | 100.0 | 317.8
               +-------+-------+-------+-------+-------+----------------------

Table legend: (Time is in decaauts)
 A = Elapsed time spent in this place.
 B = Non-inter-level travel time spent in this place.
 C = Inter-level travel time spent in this place.
 D = Time resting spent in this place.
 E = Time spent auto-exploring this place.
 F = Levels seen in this place.
 G = Mean time per level.
                   A        B        C        D        E       F      G
               +--------+--------+--------+--------+--------+-----+--------+
         Total |   6438 |   6219 |    219 |   1529 |   3560 |   6 | 1073.0 |
       Dungeon |   6438 |   6219 |    219 |   1529 |   3560 |   6 | 1073.0 |
               +--------+--------+--------+--------+--------+-----+--------+

Top non-repeatable levels by time:
     D:5: 1712 daAuts
     D:2: 1451 daAuts
     D:4: 1377 daAuts
     D:3: 1081 daAuts
     D:1: 598 daAuts
     D:6: 217 daAuts
